 Dungeon Crawl Stone Soup version 0.24-a0-778-g74da537585 (webtiles) character file.

Game seed: 15116566732356339654, levelgen mode: deterministic

84093 MordorOrchid the Unseen (level 15, -2/73 HPs)
             Began as a Spriggan Assassin on Oct 7, 2019.
             Was a High Priest of Trog.
             Slain by a golden dragon simulacrum (34 damage)
             ... in an ice cave.
             The game lasted 03:21:43 (25482 turns).

MordorOrchid the Unseen (Spriggan Assassin)        Turns: 25482, Time: 03:21:44

Health: -2/73      AC: 13    Str: 11    XL:     15   Next: 34%
Magic:  22/22      EV: 33    Int: 15    God:    Trog [*****.]
Gold:   112        SH:  9    Dex: 21    Spells: 14/14 levels left

rFire    . . .     SeeInvis +   y - +2 short sword (flame)
rCold    . . .     Gourm    .   F - +1 buckler {AC+3}
rNeg     . . .     Faith    .   I - +5 steam dragon scales
rPois    .         Spirit   .   (helmet restricted)
rElec    .         Reflect  .   M - scarf {repulsion}
rCorr    .         Harm     .   (gloves unavailable)
MR       ++...                  (boots unavailable)
Stlth    +++++++++.             D - amulet of regeneration
HPRegen  0.62/turn              Q - ring of stealth
MPRegen  0.18/turn              l - +3 ring of dexterity

@: studying Throwing, repel missiles, very quick
A: very small, unfitting armour, see invisible, herbivore, speed 3, slow
metabolism 2
a: Berserk, Trog's Hand, Brothers in Arms, Renounce Religion


You were in an ice cave.
You worshipped Trog.
Trog was extremely pleased with you.
You were near starving.

You visited 5 branches of the dungeon, and saw 25 of its levels.
You also visited: Ice Cave.

You collected 2048 gold pieces.
You spent 1936 gold pieces at shops.

Inventory:

Hand Weapons
 i - the +2 mace "Lusmeil" {crush, rPois rF- rN+ Int+8}
   (You found it on level 7 of the Dungeon)

   It inflicts extra damage upon your enemies.
   It affects your intelligence (+8).
   It makes you vulnerable to fire.
   It protects you from poison.
   It protects you from negative energy.
 n - a +1 vampiric rapier
 u - a +2 dagger of chaos
 y - a +2 short sword of flaming (weapon)
 G - a +5 antimagic quick blade
 W - a +1 rapier of protection
Missiles
 d - 19 poisoned darts (quivered)
 A - 13 atropa-tipped darts
 H - 4 datura-tipped darts
Armour
 j - a +1 robe of cold resistance
 F - a +1 buckler of protection (worn)
 I - +5 steam dragon scales (worn)
 M - a scarf of repulsion (worn)
Jewellery
 h - an uncursed ring of protection from magic
 l - a +3 ring of dexterity (right hand)
 p - an uncursed ring of protection from magic
 D - an amulet of regeneration (around neck)
 Q - a ring of stealth (left hand)
Wands
 c - a wand of flame (9)
 e - a wand of random effects (4)
 m - a wand of iceblast (15)
 R - a wand of paralysis (16)
 U - a wand of acid (19)
 V - a wand of scattershot (7)
Scrolls
 k - 14 scrolls of teleportation
 o - 3 scrolls of fog
 r - 2 scrolls of fear
 w - a scroll of summoning
 x - 5 scrolls of blinking
 z - 2 scrolls of magic mapping
 C - a scroll of identify
 K - 2 scrolls of immolation
 N - 2 scrolls of remove curse
 Z - a scroll of silence
Potions
 b - a potion of resistance
 g - 3 potions of heal wounds
 q - 5 potions of haste
 B - 9 potions of curing
 E - a potion of magic
 L - 2 potions of invisibility
 O - a potion of ambrosia
 P - a potion of flight
 T - a potion of lignification
 Y - 3 potions of might
Books
 v - a manual of Throwing
Miscellaneous
 a - a phial of floods (inert)
 S - a fan of gales
 X - a lamp of fire
Comestibles
 f - 35 rations


   Skills:
 * Level 6.1 Fighting
 * Level 12.1 Short Blades
 + Level 15.4 Throwing
 - Level 4.0 Armour
 * Level 16.1 Dodging
 * Level 19.9 Stealth
 - Level 4.0 Shields
 - Level 8.3 Evocations


You had 14 spell levels left.
You didn't know any spells.
Your spell library contained the following spells:

 Spells                   Type           Power        Failure   Level  Hunger
 Beastly Appendage        Tmut           #.....       32%         1    ##.....
 Sticks to Snakes         Tmut           #.......     45%         2    ###....
 Spider Form              Tmut/Pois      #.........   69%         3    ####...
 Ice Form                 Ice/Tmut       #.......     97%         4    #####..
 Blade Hands              Tmut           #.........   100%        5    ######.


Dungeon Overview and Level Annotations

Branches:
Dungeon (15/15)            Temple (1/1) D:7            Lair (6/6) D:9
  Swamp (1/4) Lair:3       Spider (0/4) Lair:2        Slime (0/5) Lair:5
    Orc (2/2) D:12            Elf (0/3) Orc:2        Vaults (0/5) D:13
 Depths (0/5) D:15          IceCv (1/1)

Altars:
Elyvilon
Fedhas
Gozag
Hepliaklqana
Kikubaaqudgha
Makhleb
Nemelex Xobeh
Ru
Sif Muna
Trog
Vehumet
Xom
Beogh

Shops:
D:5 [?   D:6 ?   D:12 [!*   Orc:1 !   Orc:2 [(:*

Annotations:
D:11 Kohma's ghost, journeyman GnSk
D:13 exclusion: oklob plant
D:14 3 runed translucent doors, exclusion: obsidian statue, Kohma's ghost, journeyman GnWn
Lair:2 exclusion: oklob plant


Innate Abilities, Weirdness & Mutations

You are very small and have problems with some larger weapons.
You are too small for most types of armour.
You have supernaturally acute eyesight. (SInv)
You are a herbivore.
You cover ground extremely quickly.
You need to consume almost no food.


Message History

The golden dragon simulacrum melts!
The golden dragon simulacrum is severely damaged.
You barely miss the golden dragon simulacrum.
The golden dragon simulacrum is severely damaged.
You hit the golden dragon simulacrum but do no damage.
The golden dragon simulacrum is severely damaged.
You hit the golden dragon simulacrum.
You melt the golden dragon simulacrum.
The golden dragon simulacrum is almost destroyed.
The golden dragon simulacrum completely misses you.
The golden dragon simulacrum misses you.
The golden dragon simulacrum completely misses you.
You hit the golden dragon simulacrum but do no damage.
The golden dragon simulacrum is almost destroyed.
You hit the golden dragon simulacrum but do no damage.
The golden dragon simulacrum is almost destroyed.
You hit the golden dragon simulacrum but do no damage.
The golden dragon simulacrum is almost destroyed.
The golden dragon simulacrum bites you!
The golden dragon simulacrum freezes you!!
You die...

.○ ○☼§§ ###
#°Z###.####
#........###
###.....∩..##
##.#..Z.Z.#
#######@.#
####


You could see a golden dragon simulacrum and an ogre simulacrum.

Vanquished Creatures
  Jorgrun (D:12)
  A fire giant (D:15)
  An orc warlord (Orc:2)
  Snorg (Lair:3)
  Fannar (D:11)
  5 hydras
  Erolcha (D:9)
  A catoblepas (Lair:6)
  An ice dragon (D:13)
  4 centaur warriors
  A tengu warrior (D:13)
  An anaconda (shapeshifter) (D:14)
  A shambling mangrove (Lair:3)
  A death knight (D:15)
  An alligator (Swamp:1)
  A two-headed ogre (D:11)
  6 orc high priests
  4 skeletal warriors
  An unseen horror (D:10)
  A deep troll (D:13)
  A spriggan druid (Swamp:1)
  2 phantasmal warriors (D:15)
  A lindwurm (Lair:5)
  5 orc knights
  18 ugly things
  A manticore (D:11)
  An orc sorcerer (Orc:2)
  4 cyclopes
  A wolf spider zombie (D:15)
  2 deep elf magi (D:15)
  2 black mambas (Lair:6)
  Joseph (D:7)
  Psyche (D:11)
  2 centaur zombies
  A torpor snail (Lair:6)
  9 spiny frogs
  A gargoyle (D:15)
  A rime drake (Lair:5)
  A freezing wraith (IceCv)
  An efreet (D:14)
  5 komodo dragons
  3 jumping spiders (Lair:2)
  5 trolls
  A queen bee (D:12)
  A tyrant leech (Swamp:1)
  A wolf spider simulacrum (IceCv)
  5 polar bears
  2 hornets (Lair:6)
  3 dream sheep (Lair:6)
  6 blink frogs
  5 hippogriffs
  A slime creature (D:7)
  2 wraiths
  A vampire (D:14)
  4 redbacks (Lair:2)
  Sigmund (D:6)
  14 spriggans (Lair:6)
  2 wyverns
  11 yaks
  A basilisk (Lair:5)
  4 hungry ghosts
  4 steam dragons
  3 wargs
  10 vampire mosquitoes
  A soldier ant (D:12)
  2 swamp worms (Swamp:1)
  Duvessa (D:4)
  2 acid dragons
  10 water moccasins
  15 porcupines
  23 orc warriors
  2 hornet zombies
  5 ice beasts
  4 phantoms
  5 black bears
  An eye of draining (D:12)
  A swamp drake (Swamp:1)
  8 sky beasts
  16 ogres
  4 boggarts (Lair:6)
  36 wolves
  A necrophage (D:8)
  9 centaurs
  16 crocodiles
  3 big kobolds
  2 gnoll sergeants (D:8)
  A wyvern zombie (D:13)
  13 bullfrogs
  2 wyvern skeletons
  Dowan (D:4)
  25 killer bees
  8 scorpions
  5 wights (D:6)
  3 electric eels
  A howler monkey (D:4)
  6 crimson imps
  A quasit (D:10)
  6 centaur skeletons
  7 hounds
  A bullfrog zombie (D:11)
  19 jellies
  Crazy Yiuf (D:7)
  11 orc priests
  2 bullfrog skeletons
  22 orc wizards
  3 iguanas
  Jessica (D:3)
  Natasha (twice) (D:3)
  15 worker ants
  A killer bee zombie (D:8)
  A hound zombie (D:7)
  2 hound skeletons
  A howler monkey zombie (D:11)
  2 worker ant zombies
  6 gnolls (D:8)
  8 adders
  3 howler monkey skeletons
  A naga simulacrum (IceCv)
  3 shadow imps
  9 oozes
  An ufetubus (IceCv)
  4 adder skeletons
  3 worms
  9 leopard geckos
  64 orcs
  9 giant cockroaches
  2 goblins (D:3)
  7 hobgoblins
  6 jackals
  22 kobolds
  9 quokkas
  A ball python (D:1)
  2 bats
  4 frilled lizards
  6 rats
  A fungus (Lair:6)
696 creatures vanquished.

Vanquished Creatures (collateral kills)
  2 slime creatures (D:13)
  2 skeletal warriors (D:11)
  An unseen horror (D:13)
  A deep elf mage (D:13)
  5 ugly things
  A freezing wraith (D:15)
  A tengu conjurer (D:13)
  A hippogriff (D:12)
  A hungry ghost (D:12)
  A big kobold (D:13)
  A worker ant (D:13)
  2 naga simulacra (IceCv)
  3 kobolds (D:13)
22 creatures vanquished.

Vanquished Creatures (others)
  A two-headed ogre (D:15)
  An ugly thing (D:14)
  An orc wizard (D:12)
  4 white imps (IceCv)
  An ufetubus (IceCv)
  58 fungi
  13 plants
  20 toadstools (D:13)
99 creatures vanquished.

Grand Total: 817 creatures vanquished

Notes
Turn   | Place    | Note
-------+----------+-------------------------------------------
     0 | D:1      | MordorOrchid the Spriggan Assassin began the quest for the
                  | Orb.
     0 | D:1      | Reached XP level 1. HP: 10/10 MP: 2/2
   171 | D:1      | Reached skill level 6 in Stealth
   301 | D:1      | Reached XP level 2. HP: 10/15 MP: 3/3
   663 | D:2      | Reached XP level 3. HP: 18/18 MP: 4/4
   849 | D:2      | Reached skill level 7 in Stealth
  1019 | D:2      | Found a white marble altar of Elyvilon.
  1130 | D:3      | Noticed Jessica
  1152 | D:3      | Reached XP level 4. HP: 13/23 MP: 5/5
  1193 | D:3      | Killed Jessica
  1415 | D:3      | Reached skill level 1 in Armour
  1455 | D:3      | Reached XP level 5. HP: 26/26 MP: 6/6
  2271 | D:3      | Noticed Natasha
  2282 | D:3      | Killed Natasha
  2360 | D:4      | Reached skill level 8 in Stealth
  2360 | D:4      | Reached XP level 6. HP: 21/32 MP: 7/7
  2541 | D:4      | Noticed Duvessa
  2649 | D:4      | Found a shimmering blue altar of Sif Muna.
  2843 | D:4      | Reached XP level 7. HP: 35/35 MP: 8/8
  3041 | D:4      | Reached skill level 5 in Short Blades
  3203 | D:4      | Noticed Dowan
  3250 | D:4      | Killed Duvessa
  3250 | D:4      | Reached skill level 9 in Stealth
  3264 | D:3      | Noticed Natasha
  3274 | D:3      | HP: 1/36 [Natasha (6)]
  3276 | D:3      | Killed Natasha
  3276 | D:3      | Reached skill level 5 in Dodging
  3981 | D:4      | Killed Dowan
  4092 | D:5      | Entered Level 5 of the Dungeon
  4115 | D:5      | Reached XP level 8. HP: 38/41 MP: 9/9
  4203 | D:5      | Found an ancient bone altar of Kikubaaqudgha.
  4453 | D:5      | Found Yfuig's Armour Emporium.
  4678 | D:5      | Found Zaimm's Magic Scroll Emporium.
  4681 | D:5      | Bought a scroll of noise for 12 gold pieces
  4681 | D:5      | Bought a scroll of identify for 24 gold pieces
  4739 | D:5      | Found a white marble altar of Elyvilon.
  4854 | D:6      | Found a hazy altar of Hepliaklqana.
  4931 | D:6      | Reached skill level 1 in Evocations
  4973 | D:6      | Reached skill level 10 in Stealth
  5062 | D:6      | Found Gauroxa's Magic Scroll Shoppe.
  5134 | D:5      | Bought a +1 buckler of protection for 198 gold pieces
  5601 | D:6      | Noticed Sigmund
  5669 | D:6      | Killed Sigmund
  5765 | D:6      | Reached skill level 1 in Shields
  5765 | D:6      | Reached XP level 9. HP: 45/45 MP: 12/12
  5829 | D:7      | Noticed Joseph
  6268 | D:7      | Found a staircase to the Ecumenical Temple.
  6277 | Temple   | Entered the Ecumenical Temple
  6285 | Temple   | Became a worshipper of Trog the Wrathful
  6382 | D:7      | Reached skill level 5 in Throwing
  6705 | D:7      | Found a sparkling altar of Nemelex Xobeh.
  6781 | D:7      | Reached skill level 11 in Stealth
  6897 | D:7      | Found a runed translucent door.
  6898 | D:7      | Noticed Crazy Yiuf
  6905 | D:7      | Killed Crazy Yiuf
  6913 | D:7      | Got a faintly glowing mace
  6989 | D:7      | Reached * piety under Trog
  7378 | D:7      | Killed Joseph
  7800 | D:8      | Reached XP level 10. HP: 49/49 MP: 14/14
  8100 | D:8      | Reached skill level 5 in Evocations
  8355 | D:8      | Reached ** piety under Trog
  8660 | D:9      | Found a shimmering altar of Xom.
  9061 | D:9      | Reached skill level 12 in Stealth
  9180 | D:9      | Identified the cursed +2 mace "Lusmeil" {crush, rPois rF-
                  | rN+ Int+8} (You found it on level 7 of the Dungeon)
  9272 | D:9      | Noticed Erolcha
  9274 | D:9      | Killed Erolcha
  9668 | D:9      | Reached skill level 10 in Dodging
  9720 | D:9      | Reached *** piety under Trog
  9764 | D:9      | Found a staircase to the Lair.
  9849 | D:9      | Reached XP level 11. HP: 42/54 MP: 16/16
 10151 | D:10     | Entered Level 10 of the Dungeon
 10151 | D:10     | Noticed an unseen horror
 10154 | D:10     | Killed an unseen horror
 10892 | D:11     | Noticed Fannar
 10915 | D:11     | Killed Fannar
 11020 | D:11     | Reached **** piety under Trog
 11030 | D:11     | Noticed a two-headed ogre
 11077 | D:11     | Killed a two-headed ogre
 11077 | D:11     | Reached skill level 5 in Fighting
 11186 | D:11     | Noticed a purple ugly thing
 11465 | D:11     | Noticed a skeletal warrior
 11510 | D:11     | Noticed a skeletal warrior
 11510 | D:11     | Noticed a skeletal warrior
 11515 | D:11     | Noticed a skeletal warrior
 11545 | D:11     | Noticed a skeletal warrior
 11567 | D:11     | Killed a skeletal warrior
 11568 | D:11     | Killed a skeletal warrior
 11621 | D:11     | Killed a skeletal warrior
 11662 | D:11     | Killed a skeletal warrior
 11662 | D:11     | Reached skill level 13 in Stealth
 11856 | D:11     | Noticed Psyche
 11857 | D:11     | Found a transporter.
 11859 | D:11     | Noticed a two-headed ogre
 11860 | D:11     | Noticed Kohma's ghost (journeyman GnSk)
 11862 | D:11     | Killed Psyche
 11863 | D:11     | Identified the +6 dire flail of the Heavens {flame, rC+
                  | Dex+4}
 11863 | D:11     | Noticed a two-headed ogre
 11865 | D:11     | Noticed a two-headed ogre
 11881 | D:11     | Found a transporter.
 12144 | D:11     | Found a shimmering blue altar of Sif Muna.
 12333 | D:11     | Killed a purple ugly thing
 12333 | D:11     | Reached XP level 12. HP: 60/60 MP: 18/18
 12428 | D:12     | Found Wweofuli's Whimsical Warehouse.
 12565 | D:12     | Found a staircase to the Orcish Mines.
 12643 | Orc:1    | Entered Level 1 of the Orcish Mines
 12715 | Lair:1   | Entered Level 1 of the Lair of Beasts
 13338 | Lair:1   | Noticed a seven-headed hydra
 13834 | Lair:2   | Reached ***** piety under Trog
 13979 | Lair:2   | Found a hole to the Spider Nest.
 14508 | Lair:2   | Reached skill level 14 in Stealth
 14511 | Lair:2   | Reached skill level 10 in Short Blades
 14753 | Lair:3   | Noticed Snorg
 14843 | Lair:3   | Killed Snorg
 14882 | Lair:3   | Found a staircase to the Swamp.
 14922 | Lair:3   | Found a radiant altar of Vehumet.
 14982 | Lair:3   | Noticed a six-headed hydra
 14992 | Lair:3   | Killed a six-headed hydra
 14998 | Lair:3   | Received a gift from Trog
 16253 | Lair:5   | Found a staircase to the Slime Pits.
 16272 | Lair:5   | Reached skill level 10 in Throwing
 16517 | Lair:5   | Reached XP level 13. HP: 65/65 MP: 20/20
 16573 | Lair:6   | Entered Level 6 of the Lair of Beasts
 16685 | Lair:6   | Reached skill level 15 in Stealth
 17094 | Lair:6   | Received a gift from Trog
 18551 | Lair:1   | Received a gift from Trog
 18551 | Lair:1   | Reached skill level 16 in Stealth
 18782 | D:5      | Bought a scroll of acquirement for 624 gold pieces
 18782 | D:5      | Bought a scroll of blinking for 90 gold pieces
 18782 | D:5      | Bought a scroll of blinking for 90 gold pieces
 18782 | D:5      | Bought a scroll of teleportation for 36 gold pieces
 18782 | D:5      | Bought a scroll of fog for 24 gold pieces
 18782 | D:5      | Bought a scroll of fog for 24 gold pieces
 18784 | D:5      | Bought 3 scrolls of identify for 72 gold pieces
 18784 | D:5      | Bought a scroll of identify for 24 gold pieces
 19218 | Orc:1    | Found a roughly hewn altar of Beogh.
 19405 | Orc:2    | Entered Level 2 of the Orcish Mines
 19481 | Orc:1    | Reached ****** piety under Trog
 19548 | Orc:2    | Received a gift from Trog
 19622 | Orc:2    | Found Wotinkes's Book Boutique.
 19681 | Orc:2    | Found Fifiel's General Store.
 19760 | Orc:2    | Found Qeuc's Antique Armour Emporium.
 19761 | Orc:2    | Noticed an orc warlord
 19841 | Orc:2    | Killed an orc warlord
 19870 | Orc:2    | Reached XP level 14. HP: 70/70 MP: 21/21
 20270 | Orc:2    | Found Jykaxionu's Antique Weapon Shop.
 20412 | Orc:2    | Found a staircase to the Elven Halls.
 20547 | Orc:2    | Bought a scroll of teleportation for 42 gold pieces
 20589 | Orc:1    | Found Astot's Distillery.
 20862 | Orc:1    | Bought a potion of heal wounds for 65 gold pieces
 20862 | Orc:1    | Bought a potion of heal wounds for 65 gold pieces
 20862 | Orc:1    | Bought a potion of heal wounds for 65 gold pieces
 20862 | Orc:1    | Bought a potion of curing for 39 gold pieces
 20862 | Orc:1    | Bought 2 potions of invisibility for 208 gold pieces
 21038 | D:12     | Reached skill level 17 in Stealth
 21071 | D:12     | Noticed Jorgrun
 21097 | D:12     | Killed Jorgrun
 21138 | D:12     | Found Puryloal's Distillery.
 21430 | D:12     | Found Pemeco's Armour Emporium.
 21642 | D:13     | Reached skill level 18 in Stealth
 21723 | D:13     | Received a gift from Trog
 22016 | D:13     | Found a gate to the Vaults.
 22141 | D:13     | Found a blossoming altar of Fedhas.
 22528 | D:13     | Received a gift from Trog
 22649 | D:14     | Reached skill level 15 in Dodging
 22810 | D:14     | Found a runed translucent gate.
 22810 | D:14     | Found a runed translucent gate.
 22810 | D:14     | Found an opulent altar of Gozag.
 22810 | D:14     | Found a runed translucent gate.
 22810 | D:14     | Noticed a frost giant
 22810 | D:14     | Noticed Kohma's ghost (journeyman GnWn)
 22859 | D:14     | Reached skill level 19 in Stealth
 23093 | D:14     | Received a gift from Trog
 23481 | D:15     | Entered Level 15 of the Dungeon
 23647 | D:15     | Found a staircase to the Depths.
 23647 | D:15     | Noticed a fire giant
 23940 | D:15     | Killed a fire giant
 23940 | D:15     | Received a gift from Trog
 23940 | D:15     | Reached XP level 15. HP: 73/73 MP: 22/22
 24461 | D:15     | Reached skill level 15 in Throwing
 24957 | D:12     | Bought a potion of invisibility for 104 gold pieces
 24957 | D:12     | Bought a potion of haste for 130 gold pieces
 25113 | Swamp:1  | Entered Level 1 of the Swamp
 25413 | Swamp:1  | Found a frozen archway.
 25422 | IceCv    | Entered an ice cave
 25482 | IceCv    | Slain by a golden dragon simulacrum

Levels and vault maps discovered:
D:1:      kilobyte_arrival_exit_the_forest, layout_loops_ring,
          chequers_mini_garden, minmay_misc_feat_chi, minmay_heptomino_h4
D:2:      layout_rooms, first_ration, elyvilon_altar_4
D:3:      layout_rooms, uniq_natasha, uniq_jessica
D:4:      layout_basic, led_sif_book, uniq_duvessa
D:5:      layout_loops_ring, grunt_gozag_breadcrumbs, overflow_temple_1_default,
          kiku_gazebo_pond_becter, serial_shops, kennysheep_mini_moat, shop
D:6:      layout_cave_pods, serial_shops, nicolae_shop_waterfront, basic_altar,
          minivault_14, uniq_sigmund
D:7:      lemuel_slime, layout_basic, temple_statues, basic_altar,
          uniq_crazy_yiuf_cottage, uniq_joseph
D:8:      minmay_slanted_spiral_squares, layout_basic, eino_curves_04
D:9:      layout_loops_ring, due_lair_maze_entry_diamond, basic_altar,
          uniq_erolcha
D:10:     cheibrodos_steamvent, layout_gridville
D:11:     layout_basic, gammafunk_ghost_smash, basic_altar, uniq_psyche,
          uniq_fannar
D:12:     layout_loops_cross, serial_shops, nicolae_shop_behind_doors,
          nicolae_shop_stone, david_nohive_1, nicolae_alphabet_shops,
          kennysheep_generic_room_4, uniq_jorgrun
D:13:     layout_irregular_city, david_vaults_4, tgw_fedhas
D:14:     layout_basic, ebering_ghost_gozag, skrybe_limestone_x
D:15:     grunt_enter_depths_giant_problem, layout_long_grid
Temple:   regret_index_temple_mists
Lair:1:   layout_regular_city, serial_bayou_lake_a
Lair:2:   layout_regular_city, nicolae_spider_entry_tight_spaces,
          beast_lair_carwin_5, minmay_lair_oklob_chamber
Lair:3:   layout_regular_city, swamp_mist, basic_altar, beast_lair_carwin_2,
          lemuel_fruit_tree, uniq_snorg
Lair:4:   layout_cave_pods, serial_bayou_shore_a, grunt_megastairs_4
Lair:5:   layout_roguey, nicolae_slime_entry_slimehenge
Lair:6:   minmay_lair_end_enchanted_forest, layout_regular_city,
          grunt_megastairs_2
Swamp:1:  layout_basic_swamp, portal_ice_cave_entry_ugly_swarm,
          evilmike_swamp_ruin_wall
Orc:1:    layout_caves, basic_altar, serial_shops, shop
Orc:2:    grunt_orc_gardens, layout_diamond_mine, grunt_orc_garden,
          grunt_orc_garden, grunt_orc_garden, grunt_orc_garden
IceCv:    ice_cave_caverns_02

Skill      XL: |  1  2  3  4  5  6  7  8  9 10 11 12 13 14 15 |
---------------+----------------------------------------------+-----
Stealth        | 6 7 8 9 10 11 12 13 14 16 19 | 19.9
Fighting       | 2 3 4 5 6 |  6.1
Dodging        | 2 3 4 6 7 8 10 11 12 14 15 16 | 16.1
Short Blades   | 3 4 5 6 7 9 10 12 | 12.1
Armour         | 1 2 3 4 |  4.0
Evocations     | 2 4 6 7 8 |  8.3
Throwing       | 4 6 7 8 10 12 14 15 | 15.4
Shields        | 1 2 3 4 |  4.0

Action                   |  1- 3 |  4- 6 |  7- 9 | 10-12 | 13-15 || total
-------------------------+-------+-------+-------+-------+-------++-------
Melee: Dagger            |    83 |    74 |    56 |       |    18 ||   231
       Short sword       |       |       |   239 |  1004 |   501 ||  1744
       Rapier            |       |       |       |       |  1061 ||  1061
       Quick blade       |       |       |       |       |    23 ||    23
 Fire: Hunting sling     |       |       |       |    53 |       ||    53
Throw: Dart              |    55 |   103 |    92 |   238 |   241 ||   729
       Boomerang         |       |       |   232 |   140 |   408 ||   780
       Stone             |       |       |       |     2 |       ||     2
Invok: Berserk           |       |       |     1 |     8 |       ||     9
       Trog's Hand       |       |       |       |     4 |     3 ||     7
       Brothers in Arms  |       |       |       |     2 |     3 ||     5
Evoke: Wand              |       |       |     4 |    18 |    47 ||    69
       Lamp of fire      |       |       |       |       |     1 ||     1
       Phial of floods   |       |       |       |       |     1 ||     1
  Use: Potion            |       |     1 |     2 |       |     2 ||     5
       Scroll            |       |     6 |     9 |    13 |    11 ||    39
 Stab: Sleeping          |     8 |     3 |     9 |    49 |    43 ||   112
       Invisible         |       |       |     1 |     2 |    46 ||    49
       Distracted        |       |       |       |     2 |     6 ||     8
       Paralysed         |       |       |       |     1 |       ||     1
  Eat: Ration            |       |       |     3 |     9 |     6 ||    18
Armor: Robe              |     6 |     6 |    13 |       |       ||    25
       Steam dragon scal |       |       |     4 |    57 |    87 ||   148
Dodge: Dodged            |    62 |    51 |   161 |   515 |   765 ||  1554
       Deflected         |       |       |       |       |    10 ||    10
Block: Buckler           |       |       |    28 |   266 |   392 ||   686

Table legend:
 A = Non-vault XP
 B = Vault XP
 C = Vault XP percentage of total XP
 D = Non-vault monster count
 E = Vault monster count
 F = Vault count percentage of total count
                 A         B        C        D         E       F
            +---------+---------+-------+---------+---------+-------
      Total |   75513 |   44620 |  37.1 |     523 |     196 |  27.3
            +---------+---------+-------+---------+---------+-------
        D:1 |      20 |       5 |  20.0 |      12 |       4 |  25.0
        D:2 |      55 |       0 |   0.0 |      14 |       0 |   0.0
        D:3 |     239 |      72 |  23.2 |      33 |       2 |   5.7
        D:4 |     769 |     217 |  22.0 |      20 |       2 |   9.1
        D:5 |     321 |       0 |   0.0 |      17 |       0 |   0.0
        D:6 |    1104 |     212 |  16.1 |      19 |       1 |   5.0
        D:7 |     812 |    1235 |  60.3 |      19 |      19 |  50.0
        D:8 |    1371 |    1127 |  45.1 |      26 |      15 |  36.6
        D:9 |    1498 |    2478 |  62.3 |      35 |      13 |  27.1
       D:10 |    3541 |     566 |  13.8 |      31 |       3 |   8.8
       D:11 |    5946 |    1486 |  20.0 |      36 |       2 |   5.3
       D:12 |    3972 |    4622 |  53.8 |      36 |      18 |  33.3
       D:13 |    7107 |    1682 |  19.1 |      38 |       2 |   5.0
       D:14 |    9524 |       0 |   0.0 |      32 |       0 |   0.0
       D:15 |   14285 |    1684 |  10.5 |      34 |       1 |   2.9
     Lair:1 |    2384 |       0 |   0.0 |      15 |       0 |   0.0
     Lair:2 |    2532 |    2453 |  49.2 |      13 |      12 |  48.0
     Lair:3 |    3469 |    1270 |  26.8 |      12 |       5 |  29.4
     Lair:4 |    1536 |     107 |   6.5 |      10 |       1 |   9.1
     Lair:5 |    2406 |     147 |   5.8 |       9 |       5 |  35.7
     Lair:6 |    6868 |   10818 |  61.2 |      23 |      52 |  69.3
    Swamp:1 |    2725 |    2196 |  44.6 |       8 |       6 |  42.9
      Orc:1 |    2135 |    2574 |  54.7 |      26 |       5 |  16.1
      Orc:2 |     894 |    8979 |  90.9 |       5 |      22 |  81.5
      IceCv |       0 |     690 | 100.0 |       0 |       6 | 100.0
            +---------+---------+-------+---------+---------+-------
